 Dungeon Crawl Stone Soup version 0.31-a0-654-gbe3e110b4e (webtiles) character file.

Game seed: 17868094579526418936

1602 chud the Skirmisher (level 8, 0/48 HPs)
             Began as a Deep Elf Hunter on Aug 29, 2023.
             Was an Elder of Jiyva.
             Slain by a hornet (9 damage)
             ... on level 8 of the Dungeon on Aug 30, 2023.
             The game lasted 00:15:56 (5944 turns).

chud the Skirmisher (Deep Elf Hunter)               Turns: 5944, Time: 00:15:56

Health: 0/48       AC:  7    Str:  8    XL:     8   Next: 62%
Magic:  13/13      EV: 19    Int: 15    God:    Jiyva [****..]
Gold:   247        SH:  0    Dex: 20    Spells: 4/11 levels left

rFire   + . .        a - +0 shortbow
rCold   . . .        (shield currently unavailable)
rNeg    . . .        v - +1 ring mail {rF+}
rPois   .            (no helmet)
rElec   .            (no cloak)
rCorr   +            (no gloves)
SInv    .            f - +0 pair of boots
Will    +....        (no amulet)
Stlth   +++          u - ring of willpower
HPRegen 1.56/turn    B - +5 ring of evasion
MPRegen 0.53/turn

%: no passive effects
@: mighty, attractive, slowed, very slow
A: translucent skin 3, jelly sensing items
a: Renounce Religion, Oozemancy, Slimify


You were on level 8 of the Dungeon.
You worshipped Jiyva.
Jiyva was greatly pleased with you.
You visited 1 branch of the dungeon, and saw 8 of its levels.

You collected 247 gold pieces.

Inventory:

Hand Weapons
 a - a +0 shortbow (weapon)
 h - the +7 flail "Anupick" {heavy, *Noise Fly Dex+3}
   (You found it on level 4 of the Dungeon)

   Dex+3:     It affects your dexterity (+3).
   Fly:       It grants you flight.
   *Noise:    It may make a loud noise when swung.
 l - a +2 heavy sling
 x - a +1 dagger of venom
Missiles
 w - 10 poisoned darts
Armour
 f - a +0 pair of boots (worn)
 v - a +1 ring mail of fire resistance (worn)
 F - an orb of energy
Jewellery
 q - a +6 ring of intelligence
 s - a ring of wizardry
 u - a ring of willpower (left hand)
 B - a +5 ring of evasion (right hand)
Wands
 c - a wand of roots (5)
 i - a wand of digging (9)
 p - a wand of flame (38)
Scrolls
 e - 2 scrolls of teleportation
 g - a scroll of revelation {unknown}
 k - a scroll of fog {unknown}
 m - a scroll of identify {unknown}
 y - a scroll of blinking {unknown}
 A - a scroll of immolation {unknown}
 D - a scroll of enchant armour {unknown}
Potions
 b - a potion of curing {unknown}
 d - a potion of heal wounds {unknown}
 n - a potion of degeneration {unknown}
 o - a potion of enlightenment {unknown}
 r - a potion of ambrosia {unknown}
 t - a potion of attraction
 C - a potion of mutation {unknown}
 E - a potion of brilliance {unknown}


   Skills:
 - Level 4.0 Fighting
 + Level 10.6 Ranged Weapons
 - Level 2.0 Armour
 * Level 7.7 Dodging
 - Level 2.0 Stealth
 - Level 2.0 Spellcasting


You had 4 spell levels left.
You knew the following spells:

 Your Spells              Type           Power      Damage    Failure   Level
a - Haunt                 Necr/Summ      0%         N/A       100%        7

Your spell library contained the following spells:

 Spells                   Type           Power      Damage    Failure   Level
 Apportation              Tloc           2%         N/A       54%         1
 Necrotise                Necr           4%         1d4       54%         1
 Summon Small Mammal      Summ           4%         N/A       54%         1
 Borgnjor's Revivificati  Necr           0%         N/A       100%        8
 Death's Door             Necr           0%         N/A       100%        9


Dungeon Overview and Level Annotations

Branches:
Dungeon (8/15)             Temple (0/1) D:4
   Lair: D:8-11

Altars:
Hepliaklqana
Kikubaaqudgha
Nemelex Xobeh
Xom
Yredelemnul
Zin
Jiyva

Shops:
D:4 (


Innate Abilities, Weirdness & Mutations

Your transparent skin significantly reduces your foes' accuracy. (Stealth+)
You have a small jelly attached to you that senses nearby items.


Message History

The hornet buzzes angrily.
The hornet is moderately wounded.
Fire: a) +0 shortbow
Press: ? - help, Q - select action, (/) - cycle Shift-Dir - straight line, f/p - hornet
Aim: a hornet (moderately wounded, 58% to hit)
You shoot an arrow. The arrow barely misses the hornet.
You shoot an arrow. The arrow hits the hornet.
The hornet is moderately wounded.
The hornet misses you. x2
You shoot an arrow. The arrow hits the hornet!
The hornet is heavily wounded.
The hornet stings you but does no damage.
You shoot an arrow. The arrow barely misses the hornet.
The hornet stings you!
You feel yourself slow down. The hornet completely misses you.
You shoot an arrow. The arrow closely misses the hornet.
You feel yourself speed up. The hornet stings you!
You feel yourself slow down. The hornet completely misses you.
You shoot an arrow. The arrow closely misses the hornet.
You feel yourself speed up. The hornet closely misses you.
The hornet misses you.
You shoot an arrow. The arrow barely misses the hornet.
You feel less slimy. The hornet stings you!
You feel yourself slow down. The hornet stings you.
You suddenly lose the ability to move!
The hornet stings you!
* * * LOW HITPOINT WARNING * * *
You feel as though you will be slow longer.
The hornet stings you!
* * * LOW HITPOINT WARNING * * *
You feel as though you will be slow longer.
The hornet stings you but does no damage.
You can move again.
It was a potion of attraction.
You feel attractive to monsters. The hornet barely misses you.
The hornet closely misses you.
It was a potion of might.
You feel very mighty all of a sudden. The hornet stings you!
You die...

##...##
##.....##
##.......##
#.........#
+.........+
#.........#
#.......#
#@y...#
##...##
#+##


You could see a hornet.

Vanquished Creatures
  Grinder (D:5)
  A wraith (D:6)
  Menkaure (D:5)
  A water moccasin (D:6)
  Duvessa (D:5)
  A black bear (D:6)
  A sky beast (D:7)
  2 phantoms (D:6)
  A bullfrog (D:7)
  A scorpion (D:4)
  Dowan (D:5)
  2 howler monkeys (D:7)
  3 hounds
  2 orc priests
  Ijyb (D:3)
  5 iguanas
  A sleepcap (D:6)
  2 orc wizards
  7 gnolls (D:4)
  3 adders
  2 shadow imps
  A white imp (D:7)
  A dart slug (D:4)
  18 orcs
  4 endoplasms
  18 giant cockroaches
  7 goblins
  3 hobgoblins
  6 quokkas
  7 ball pythons
  2 bats
  2 frilled lizards (D:3)
  6 kobolds
  5 rats
120 creatures vanquished.

Vanquished Creatures (others)
  A howler monkey (D:7)
  9 jellies
  A hound (D:6)
  An adder (D:5)
  An ufetubus (D:7)
  An endoplasm (D:2)
  3 orcs (D:5)
  A goblin (D:2)
  2 kobolds (D:2)
20 creatures vanquished.

Grand Total: 140 creatures vanquished

Notes
Turn   | Place    | Note
-------+----------+-------------------------------------------
     0 | D:1      | chud the Deep Elf Hunter began the quest for the Orb.
     0 | D:1      | Reached XP level 1. HP: 12/12 MP: 3/3
   194 | D:1      | Reached XP level 2. HP: 17/17 MP: 5/5
   280 | D:1      | Reached skill level 1 in Spellcasting
   683 | D:4      | Identified the +7 flail "Anupick" {heavy, *Noise Fly Dex+3}
   737 | D:4      | Found Horr's Antique Weapon Shop.
   739 | D:4      | Noticed a scorpion
   747 | D:4      | Killed a scorpion
   748 | D:4      | Reached XP level 3. HP: 17/21 MP: 5/8
   748 | D:4      | Reached XP level 4. HP: 21/26 MP: 5/9
   817 | D:4      | Reached skill level 6 in Ranged Weapons
  1136 | D:4      | Found an ancient bone altar of Kikubaaqudgha.
  1179 | D:4      | Reached XP level 5. HP: 30/30 MP: 10/10
  1614 | D:3      | Reached skill level 7 in Ranged Weapons
  1739 | D:3      | Noticed Ijyb
  1748 | D:3      | Killed Ijyb
  1749 | D:3      | Reached skill level 5 in Dodging
  1835 | D:3      | Found a basalt altar of Yredelemnul.
  1852 | D:3      | Found a faded altar of an unknown god.
  1865 | D:3      | Prayed at the altar of an unknown god.
  1865 | D:3      | Became a worshipper of Jiyva Jofrovur the Shapeless
  1865 | D:3      | Reached * piety under Jiyva
  2316 | D:2      | Reached XP level 6. HP: 35/35 MP: 11/11
  2841 | D:4      | Reached ** piety under Jiyva
  2848 | D:4      | Found a staircase to the Ecumenical Temple.
  3047 | D:4      | Found a glowing silver altar of Zin.
  3250 | D:5      | Entered Level 5 of the Dungeon
  3250 | D:5      | Found a sparkling altar of Nemelex Xobeh.
  3460 | D:5      | Noticed Duvessa
  3502 | D:5      | Noticed Dowan
  3503 | D:5      | Reached skill level 8 in Ranged Weapons
  3540 | D:5      | Killed Duvessa
  3644 | D:5      | Reached XP level 7. HP: 22/40 MP: 12/12
  3686 | D:5      | Noticed Grinder
  3696 | D:5      | Killed Grinder
  3697 | D:5      | Reached skill level 9 in Ranged Weapons
  3845 | D:5      | Reached *** piety under Jiyva
  3849 | D:5      | Noticed Menkaure
  3857 | D:5      | Killed Menkaure
  4149 | D:5      | Killed Dowan
  4150 | D:5      | Reached skill level 10 in Ranged Weapons
  4158 | D:5      | Learned a level 7 spell: Haunt
  4303 | D:6      | Gained mutation: You have a small jelly attached to you
                  | that senses nearby items. [Jiyva's grace]
  4303 | D:6      | Gained mutation: Your translucent skin slightly reduces
                  | your foes' accuracy. (Stealth+) [Jiyva's grace]
  4303 | D:6      | Gained mutation: Your translucent skin reduces your foes'
                  | accuracy. (Stealth+) [Jiyva's grace]
  4303 | D:6      | Gained mutation: Your transparent skin significantly
                  | reduces your foes' accuracy. (Stealth+) [Jiyva's grace]
  4399 | D:6      | Reached **** piety under Jiyva
  4505 | D:6      | Reached skill level 1 in Armour
  4717 | D:6      | Noticed a wraith
  4735 | D:6      | Killed a wraith
  4736 | D:6      | Reached XP level 8. HP: 25/45 MP: 13/13
  5094 | D:7      | Found a hazy altar of Hepliaklqana.
  5189 | D:7      | Reached ***** piety under Jiyva
  5835 | D:7      | Found a shimmering altar of Xom.
  5931 | D:8      | Noticed a hornet
  5940 | D:8      | Paralysed by a hornet for 3 turns
  5944 | D:8      | Slain by a hornet

Illustrated notes

Levels and vault maps discovered:
D:1:      onia_arrival_pyramid, layout_basic, minmay_misc_feat_hallway
D:2:      minmay_roachtagon, layout_basic
D:3:      layout_basic, mainiacjoe_overflow_alcove_2,
          ebering_ecumenical_altar_petrified, corner_web_ring, minivault_14,
          grunt_decor_junction, uniq_ijyb
D:4:      layout_gridville, lemuel_crystal_altar, zin_scriptorium,
          minmay_temple_entry_mini_moons, serial_shops, shop, grunt_ministairs_5
D:5:      layout_gridville, nemelex_xobeh_ov_fountains_minmay,
          eino_tiny_chamber, uniq_grinder, uniq_duvessa, uniq_menkaure
D:6:      layout_gridville
D:7:      layout_basic, overflow_temple_1_default, old_standard_altar
D:8:      layout_loops_corners, nicolae_ossuary_entry_monument

Skill      XL: |  1  2  3  4  5  6  7  8 |
---------------+-------------------------+-----
Spellcasting   | 2 |  2.0
Fighting       | 2 4 |  4.0
Dodging        | 3 4 5 6 7 |  7.7
Stealth        | 2 |  2.0
Ranged Weapons | 6 7 8 10 | 10.6
Armour         | 1 2 |  2.0

Action                     |  1- 3 |  4- 6 |  7- 9 || total
---------------------------+-------+-------+-------++-------
   Fire: Shortbow          |    40 |   289 |   232 ||   561
 Invoke: Slimify           |       |       |     1 ||     1
    Use: Scroll            |       |     3 |       ||     3
         Potion            |       |       |     2 ||     2
 Armour: Leather armour    |     3 |    15 |     3 ||    21
         Ring mail         |       |       |    14 ||    14
  Dodge: Dodged            |     3 |   105 |   115 ||   223

Table legend: (Time is in decaauts)
 A = Elapsed time spent in this place.
 B = Non-inter-level travel time spent in this place.
 C = Inter-level travel time spent in this place.
 D = Time resting spent in this place.
 E = Time spent auto-exploring this place.
 F = Levels seen in this place.
 G = Mean time per level.
                   A        B        C        D        E       F      G
               +--------+--------+--------+--------+--------+-----+--------+
         Total |   6002 |   5604 |    398 |    103 |   4270 |   8 |  750.2 |
       Dungeon |   6002 |   5604 |    398 |    103 |   4270 |   8 |  750.2 |
               +--------+--------+--------+--------+--------+-----+--------+

Top non-repeatable levels by time:
     D:4: 1060 daAuts
     D:5: 1012 daAuts
     D:7: 968 daAuts
     D:3: 823 daAuts
     D:2: 765 daAuts
     D:6: 723 daAuts
     D:1: 634 daAuts
     D:8: 14 daAuts
